 Dungeon Crawl Stone Soup version 0.23-a0-386-g9c9d49f (webtiles) character file.

107 Amnesiac the Cutter (level 4, 0/35 HPs)
             Began as a Mummy Chaos Knight on Oct 28, 2018.
             Was a Plaything of Xom.
             Slain by an orc
             ... wielding a +0 mace
              (3 damage)
             ... on level 3 of the Dungeon.
             The game lasted 00:03:26 (2065 turns).

Amnesiac the Cutter (Mummy Chaos Knight)            Turns: 2065, Time: 00:03:27

Health: 0/35       AC:  6    Str: 16    XL:     4   Next: 56%
Magic:  4/4        EV: 11    Int: 11    God:    Xom [*.....]
Gold:   79         SH:  0    Dex: 11    Spells: 3/3 levels left

rFire    x . .     SeeInvis .   a - +0 short sword (chaos)
rCold    + + .     Gourm    .   (no shield)
rNeg     + + +     Faith    .   g - +3 leather armour
rPois    ∞         Spirit   .   (no helmet)
rElec    .         Reflect  .   (no cloak)
rCorr    .         Harm     .   (no gloves)
MR       .....                  (no boots)
Stlth    +.........             (no amulet)
HPRegen  0.11/turn              c - ring of protection from cold
MPRegen  0.09/turn              (no ring)

@: no status effects
A: no food or potions, fire vulnerability, cold resistance 1, negative energy
resistance 3, torment resistance, unbreathing
a: Renounce Religion


You were on level 3 of the Dungeon.
You worshipped Xom.
You were a special plaything of Xom.
You were not hungry.

You visited 1 branch of the dungeon, and saw 3 of its levels.

You collected 79 gold pieces.

Inventory:

Hand Weapons
 a - a +0 short sword of chaos (weapon)
 b - a +0 hunting sling
Missiles
 f - 70 stones (quivered)
Armour
 g - a +3 leather armour (worn)
Jewellery
 c - a ring of protection from cold (left hand)
Scrolls
 d - a scroll of remove curse {!r}
 e - a scroll of identify {!r}
 h - a scroll of magic mapping {!r, unknown}
 i - a scroll of amnesia {!r}
 k - a scroll of enchant armour {!r}


   Skills:
 - Level 3.0 Fighting
 * Level 3.9 Short Blades
 - Level 2.3 Armour
 + Level 1.1 Dodging


You had 3 spell levels left.
You didn't know any spells.
Your spell library was empty.

Dungeon Overview and Level Annotations

Branches:
Dungeon (3/15)

Altars:


Innate Abilities, Weirdness & Mutations

You do not eat or drink.
Your flesh is vulnerable to fire.
You are immune to poison.
Your flesh is cold resistant. (rC+)
You are immune to negative energy. (rN+++)
You are immune to unholy pain and torment.
You can survive without breathing.


Message History

The bat hits you but does no damage. x2
You hit the worm. You freeze the worm.
The worm is severely wounded.
The bat hits you but does no damage.
You hit the worm but do no damage.
The worm is severely wounded.
The bat closely misses you. The bat misses you.
You hit the worm. Lightning courses through the worm!
You kill the worm!
The bat closely misses you. The bat hits you but does no damage.
You barely miss the bat. The bat barely misses you. The bat hits you.
You hit the bat. You freeze the bat.
The bat is severely wounded.
The bat closely misses you.
You hit the bat.
You kill the bat!
No target in view!
No target in view!
No target in view!
Found a leather armour.
No target in view!
Key pressed, stopping explore.
No target in view! "Let's go for a ride!"
Your surroundings suddenly seem different.
Your surroundings suddenly seem different.
The orc shouts! x2; The orc priest shouts!
The orc shouts!
You hit the orc priest.
The air around the orc priest crackles with energy!
The orc priest is lightly wounded.
The orc priest barely misses you. The orc hits you but does no damage.
You closely miss the orc priest.
The orc priest is lightly wounded.
The orc priest hits you with a +0 flail.
You closely miss the orc priest.
The orc priest is lightly wounded.
The orc priest hits you with a +0 flail!
The orc barely misses you. x2
You aren't carrying any items that you can evoke.
You hit the orc priest. You burn the orc priest.
The orc priest is moderately wounded.
The orc hits you but does no damage.
You hit the orc priest but do no damage.
The orc priest is moderately wounded.
The orc hits you but does no damage.
The orc priest drinks a potion.
The orc priest seems to speed up.
The orc hits you with a +0 flail.
You hit the orc priest.
The orc priest is heavily wounded.
The orc priest misses you. The orc hits you but does no damage.
The orc closely misses you. The orc barely misses you.
You hit the orc priest but do no damage.
The orc priest is poisoned.
The orc priest is heavily wounded.
The orc priest hits you with a +0 flail.
* * * LOW HITPOINT WARNING * * *
The orc hits you but does no damage. The orc hits you with a +0 mace!
* * * LOW HITPOINT WARNING * * *
The orc completely misses you.
You hit the orc priest. You burn the orc priest.
The orc priest is almost dead.
The orc priest hits you with a +0 flail.
* * * LOW HITPOINT WARNING * * *
The orc barely misses you. The orc hits you with a +0 mace.
You die...

####### #.....# #.....#
######.....###########
#........o.##...##...##
#.......@o.#..........##
#.......oo...........).##
#.....#.#.#............#.
#.....#.#................
#.....#.####............#
#.... #.# ##<..........#
#.... #.# ####........#
.. #.....%†.# ##.......#


You could see an orc priest and 3 orcs.

Vanquished Creatures
  A worker ant (D:2)
  An ooze (D:3)
  A worm (D:3)
  4 dart slugs
  2 orcs
  2 ball pythons (D:2)
  8 bats
  3 giant cockroaches
  6 goblins (D:1)
  2 hobgoblins (D:2)
  14 jackals
  4 kobolds
  4 frilled lizards
  A kobold (shapeshifter) (D:1)
  7 rats
60 creatures vanquished.

Notes
Turn   | Place    | Note
-------+----------+-------------------------------------------
     0 | D:1      | Amnesiac the Mummy Chaos Knight began the quest for the
                  | Orb.
     0 | D:1      | Reached XP level 1. HP: 18/18 MP: 1/1
    55 | D:1      | Reached skill level 1 in Dodging
   193 | D:1      | XOM: divination: magic mapping
   233 | D:1      | Reached XP level 2. HP: 18/24 MP: 2/2
   437 | D:1      | XOM: harmless Tloc miscast
   515 | D:1      | Reached XP level 3. HP: 24/29 MP: 3/3
  1038 | D:2      | XOM: noise
  1144 | D:2      | Reached XP level 4. HP: 35/35 MP: 4/4
  1420 | D:2      | XOM: 6-stop teleportation journey
  1780 | D:2      | XOM: mild Chrm miscast
  1876 | D:3      | XOM: chaos cloud
  1895 | D:3      | Paralysed by you for 6 turns
  2056 | D:3      | XOM: 2-stop teleportation journey
  2065 | D:3      | Slain by an orc

Vault maps used:
D:1:      dpeg_arrival_round_c, serial_bayou_pond_c, minmay_fountain_box
D:3:      first_ration, grunt_decor_cap

Skill      XL: |  1  2  3 |
---------------+----------+-----
Dodging        | 1 |  1.1
Short Blades   | 3 |  3.9
Armour         | 2 |  2.3
Fighting       | |  3.0

Action                   |  1- 3 |  4- 6 || total
-------------------------+-------+-------++-------
Melee: Short sword       |   113 |    99 ||   212
  Use: Scroll            |     4 |     3 ||     7
 Stab: Paralysed         |     1 |     2 ||     3
       Sleeping          |     1 |       ||     1
Armor: Leather armour    |    33 |    42 ||    75
Dodge: Dodged            |    70 |    56 ||   126

Table legend:
 A = Non-vault XP
 B = Vault XP
 C = Vault XP percentage of total XP
 D = Non-vault monster count
 E = Vault monster count
 F = Vault count percentage of total count
                 A         B        C        D         E       F
            +---------+---------+-------+---------+---------+-------
      Total |     153 |       0 |   0.0 |      60 |       0 |   0.0
            +---------+---------+-------+---------+---------+-------
        D:1 |      53 |       0 |   0.0 |      28 |       0 |   0.0
        D:2 |      63 |       0 |   0.0 |      17 |       0 |   0.0
        D:3 |      37 |       0 |   0.0 |      15 |       0 |   0.0
            +---------+---------+-------+---------+---------+-------
